 Dungeon Crawl Stone Soup version 0.26-a0-707-g31817bcca1 (webtiles) character file.

Game seed: 14122915149638198331

3367 Decritt the Cleaver (level 9, -4/121 HPs)
             Began as a Minotaur Berserker on Oct 26, 2020.
             Was a High Priest of Trog.
             Slain by a two-headed ogre
             ... wielding a +0 giant club
              (8 damage)
             ... on level 8 of the Dungeon.
             The game lasted 00:23:52 (9037 turns).

Decritt the Cleaver (Minotaur Berserker)            Turns: 9037, Time: 00:23:52

Health: -4/121     AC: 15    Str: 31    XL:     9   Next: 73%
Magic:  8/8        EV: 11    Int:  4    God:    Trog [*****.]
Gold:   393        SH:  5    Dex: 10    Spells: 8/8 levels left

rFire    . . .     SeeInvis .   z - +1 battleaxe (flame)
rCold    . . .     Faith    .   (shield currently unavailable)
rNeg     . . .     Spirit   .   p - +0 plate armour
rPois    +         Reflect  +   (helmet restricted)
rElec    .         Harm     .   b - scarf {shadows}
rCorr    .         Rampage  .   (no gloves)
MR       .....                  B - +0 pair of boots
Stlth    ..........             v - amulet of reflection
HPRegen  0.30/turn              c - +6 ring of strength
MPRegen  0.11/turn              g - ring of poison resistance

@: berserking, very quick
A: retaliatory headbutt, horns 2
a: Berserk, Trog's Hand, Brothers in Arms, Renounce Religion


You were on level 8 of the Dungeon.
You worshipped Trog.
Trog was extremely pleased with you.
You visited 1 branch of the dungeon, and saw 9 of its levels.
You also visited: Bailey.

You collected 481 gold pieces.
You spent 88 gold pieces at shops.

Inventory:

Hand Weapons
 z - a +1 battleaxe of flaming (weapon)
Armour
 b - a scarf of shadows (worn)
 h - a +0 scale mail of poison resistance
 p - a +0 plate armour (worn)
 B - a +0 pair of boots (worn)
Jewellery
 c - a +6 ring of strength (left hand)
 g - a ring of poison resistance (right hand)
 v - an amulet of reflection (around neck)
Scrolls
 d - 2 scrolls of enchant armour
 f - 5 scrolls of remove curse
 i - 2 scrolls of immolation
 k - 3 scrolls of blinking
 m - 3 scrolls of enchant weapon
 r - a scroll of identify
 s - a scroll of amnesia {unknown}
 t - a scroll of noise {unknown}
 u - 4 scrolls of teleportation
 y - a scroll of holy word {unknown}
 D - 2 scrolls of magic mapping {unknown}
 E - a scroll of fear {unknown}
 F - a scroll of fog {unknown}
Potions
 a - 2 potions of flight
 e - 2 potions of berserk rage
 j - 2 potions of ambrosia
 l - 3 potions of might
 n - a potion of resistance
 o - 3 potions of curing {unknown}
 q - 3 potions of heal wounds
 w - a potion of stabbing {unknown}
 x - a potion of invisibility {unknown}
 A - a potion of mutation {unknown}
 C - 2 potions of haste {unknown}


   Skills:
 + Level 8.0 Fighting
 * Level 10.5 Axes
 * Level 9.2 Armour
 + Level 6.7 Dodging


You had 8 spell levels left.
You didn't know any spells.
Your spell library was empty.

Dungeon Overview and Level Annotations

Branches:
Dungeon (9/15)             Temple (0/1) D:5          Bailey (visited)
   Lair: D:8-11         Orc: D:9-12

Altars:
Cheibriados
Elyvilon
Fedhas
Nemelex Xobeh
Qazlal
Trog
Uskayaw
Yredelemnul

Shops:
D:6 [


Innate Abilities, Weirdness & Mutations

You reflexively headbutt those who attack you in melee.
You have a pair of horns on your head.


Message History

The two-headed ogre hits you with a +0 giant club!
* * * LOW HITPOINT WARNING * * *
The two-headed ogre hits you with a +0 giant spiked club!
* * * LOW HITPOINT WARNING * * *
There is a stone staircase leading up here.
The two-headed ogre closely misses you. x2
You climb upwards.
There is a stone staircase leading down here.
You feel much better.
You barely miss the two-headed ogre. You headbutt the two-headed ogre!
The two-headed ogre is severely wounded.
The two-headed ogre hits you but does no damage.
The two-headed ogre hits you with a +0 giant spiked club!!
* * * LOW HITPOINT WARNING * * *
A red film seems to cover your vision as you go berserk!
You feel yourself moving faster!
You feel mighty!
The two-headed ogre hits you with a +0 giant club!
* * * LOW HITPOINT WARNING * * *
The two-headed ogre hits you with a +0 giant spiked club!
You die...

# ##.....## #..<..# ##
##.......## #.....#
.####.........####...###
....'.).......'.......#
.####........<####...##
.# ##.......###......#
.# ##..>..## #.##.#.# .#
##...## #.##.#.# .#
##'## #@##.#.# ## #.#
#O##.#.# #.# #......#
### #####.#### ####.###
..# #........# #.#
#.###.#......# #.#
......##...#.# #.#
#.##..###.##.######.#
..##..###...........#


You could see a two-headed ogre.

Vanquished Creatures
  A two-headed ogre (D:8)
  A wyvern (D:8)
  The ghost of qipq the Sneak, an amateur OpDe (D:4)
  An orc warrior (D:8)
  2 sky beasts
  3 ogres
  A phantom (D:7)
  2 big kobolds (D:8)
  3 bullfrogs
  4 scorpions
  6 wights
  A howler monkey (D:5)
  A bullfrog zombie (D:6)
  5 hounds
  6 orc priests
  A bullfrog skeleton (D:5)
  2 orc wizards
  A gnoll shaman (D:7)
  An iguana (D:6)
  2 worker ants (D:4)
  A hound skeleton (D:8)
  3 worker ant zombies
  17 gnolls
  10 adders
  A shadow imp (D:6)
  A white imp (D:8)
  2 ufetubi
  An ooze (D:1)
  An adder zombie (D:5)
  An adder skeleton (D:4)
  6 worms
  3 dart slugs
  2 leopard geckos (D:4)
  18 orcs
  9 bats
  7 giant cockroaches
  8 goblins
  6 hobgoblins
  10 jackals
  20 kobolds
  4 quokkas
  4 frilled lizards
  A quokka skeleton (D:4)
  10 rats
191 creatures vanquished.

Notes
Turn   | Place    | Note
-------+----------+-------------------------------------------
     0 | D:1      | Decritt the Minotaur Berserker began the quest for the Orb.
     0 | D:1      | Reached XP level 1. HP: 19/19 MP: 0/0
    71 | D:1      | Reached XP level 2. HP: 16/27 MP: 1/1
   264 | D:1      | Reached skill level 4 in Axes
   786 | D:2      | Reached XP level 3. HP: 33/33 MP: 2/2
   791 | D:2      | Noticed a +0 hand axe
   791 | D:2      | Noticed a +0 hand axe
   792 | D:2      | Found a hide-covered altar of Uskayaw.
   876 | D:2      | Reached ** piety under Trog
   883 | D:2      | Found a blossoming altar of Fedhas.
   964 | D:2      | Found a stormy altar of Qazlal.
   964 | D:2      | Found a basalt altar of Yredelemnul.
  1354 | D:3      | Reached XP level 4. HP: 37/40 MP: 3/3
  1361 | D:3      | Reached skill level 5 in Axes
  1365 | D:3      | Reached XP level 5. HP: 25/47 MP: 4/4
  1908 | D:3      | You fall into a shaft and drop 2 floors!
  1908 | D:5      | Entered Level 5 of the Dungeon
  1908 | D:5      | Found a bloodstained altar of Trog.
  2116 | D:5      | Noticed a sky beast
  2133 | D:4      | Killed a sky beast
  2133 | D:4      | Reached *** piety under Trog
  2133 | D:4      | Reached XP level 6. HP: 28/55 MP: 5/5
  2320 | D:4      | Reached skill level 6 in Axes
  2373 | D:4      | Found a runed translucent door.
  2387 | D:4      | Noticed qipq's ghost (amateur OpDe)
  2400 | D:4      | Killed qipq's ghost
  2400 | D:4      | Reached skill level 5 in Fighting
  2411 | D:4      | Found a runed translucent door.
  2662 | D:4      | Reached XP level 7. HP: 39/61 MP: 6/6
  3732 | D:4      | Reached skill level 7 in Axes
  3740 | D:4      | Reached skill level 5 in Armour
  4305 | D:5      | Found a staircase to the Ecumenical Temple.
  4732 | D:6      | Reached XP level 8. HP: 70/70 MP: 7/7
  4737 | D:6      | Reached **** piety under Trog
  4964 | D:6      | Reached skill level 8 in Axes
  4964 | D:6      | Reached skill level 5 in Dodging
  5421 | D:6      | Found a white marble altar of Elyvilon.
  5680 | D:6      | Found Ywomiufo's Armour Shop.
  5685 | D:6      | Bought a +0 scale mail of poison resistance for 88 gold
                  | pieces
  6494 | D:7      | Reached skill level 9 in Axes
  7067 | D:7      | Found a snail-covered altar of Cheibriados.
  7545 | D:8      | Reached XP level 9. HP: 79/79 MP: 8/8
  7621 | D:8      | Found a flagged portal.
  7915 | Bailey   | Entered a bailey
  7919 | Bailey   | Noticed an orc knight
  8027 | D:8      | Noticed a two-headed ogre
  8032 | D:8      | Killed a two-headed ogre
  8032 | D:8      | Reached skill level 10 in Axes
  8246 | D:8      | Reached ***** piety under Trog
  9022 | D:9      | Found a sparkling altar of Nemelex Xobeh.
  9022 | D:9      | Noticed a two-headed ogre
  9037 | D:8      | HP: 4/121 [two-headed ogre/+0 giant club (13)]
  9037 | D:8      | Slain by a two-headed ogre

Illustrated notes

Levels and vault maps discovered:
D:1:      dpeg_arrival_shrine, layout_rooms, hex_large
D:2:      layout_basic, lemuel_crystal_altar, dancing_weapons_uskayaw,
          chequers_temple_overflow_statue_of_worship
D:3:      layout_basic, st_stairs_3
D:4:      layout_basic, ebering_ghost_sewer_f, kennysheep_boxes
D:5:      layout_loops_ring, bloody_trog, minmay_temple_entry_slanted
D:6:      layout_basic, serial_shops, nicolae_shop_waterfront, st_stairs_3,
          elyvilon_altar_3
D:7:      layout_layer_cave, cheibrodos_worm_habitat
D:8:      layout_loops_corners, enter_bailey_6, minmay_unpleasant_kobolds
D:9:      layout_gridville, old_standard_altar, nicolae_overflow_hidden_temple,
          kennysheep_orc_monster_closet_entryway, serial_shops, shop

Skill      XL: |  1  2  3  4  5  6  7  8  9 |
---------------+----------------------------+-----
Axes           | 4 5 6 7 9 10 | 10.5
Fighting       | 4 5 6 7 8 |  8.0
Armour         | 3 4 5 7 9 |  9.2
Dodging        | 3 4 5 6 |  6.7

Action                   |  1- 3 |  4- 6 |  7- 9 || total
-------------------------+-------+-------+-------++-------
Melee: Hand axe          |    54 |    87 |    78 ||   219
       Headbutt          |    11 |    13 |    33 ||    57
       Battleaxe         |       |       |   129 ||   129
Throw: Javelin           |    23 |    15 |    56 ||    94
       Boomerang         |       |       |    12 ||    12
Invok: Berserk           |       |       |     3 ||     3
  Use: Scroll            |     6 |     4 |     8 ||    18
       Potion            |       |       |     1 ||     1
Armor: Animal skin       |    17 |     3 |       ||    20
       Ring mail         |       |    13 |    15 ||    28
       Scale mail        |       |       |    14 ||    14
       Plate armour      |       |       |    19 ||    19
Dodge: Dodged            |    31 |    52 |   103 ||   186
Block: Other             |       |     2 |    47 ||    49
       Reflection        |       |       |     3 ||     3

Table legend: (Time is in decaauts)
 A = Elapsed time spent in this place.
 B = Non-inter-level travel time spent in this place.
 C = Inter-level travel time spent in this place.
 D = Time resting spent in this place.
 E = Time spent auto-exploring this place.
 F = Levels seen in this place.
 G = Mean time per level.
                   A        B        C        D        E       F      G
               +--------+--------+--------+--------+--------+-----+--------+
         Total |   9156 |   8948 |    208 |    974 |   6593 |  10 |  915.6 |
       Dungeon |   9095 |   8887 |    208 |    932 |   6593 |   9 | 1010.6 |
        Bailey |     61 |     61 |      0 |     42 |      0 |   1 |   61.0 |
               +--------+--------+--------+--------+--------+-----+--------+

Top non-repeatable levels by time:
     D:7: 1544 daAuts
     D:8: 1461 daAuts
     D:6: 1336 daAuts
     D:3: 1335 daAuts
     D:4: 1286 daAuts
     D:5: 803 daAuts
     D:1: 774 daAuts
     D:2: 538 daAuts
  Bailey: 61 daAuts
     D:9: 15 daAuts
